 Dungeon Crawl Stone Soup version 0.27-a0-1083-gcf8293e1eb (webtiles) character file.

Game seed: 11593970747667711301

2 EnegeticOcto the Sneak (level 1, 0/20 HPs)
             Began as a Deep Dwarf Delver on Apr 26, 2021.
             Was an Initiate of Ru.
             Slain by a water moccasin (4 damage)
             ... on level 5 of the Dungeon.
             The game lasted 00:01:04 (164 turns).

EnegeticOcto the Sneak (Deep Dwarf Delver)           Turns: 164, Time: 00:01:04

Health: 0/20       AC:  5    Str: 15    XL:     1   Next: 25%
Magic:  1/1        EV: 11    Int: 10    God:    Ru [......]
Gold:   0          SH:  0    Dex: 14    Spells: 0/0 levels left

rFire    . . .     SeeInvis .   a - +0 hand axe
rCold    . . .     Faith    .   (no shield)
rNeg     . . .     Spirit   .   h - +0 ring mail
rPois    .         Reflect  .   (no helmet)
rElec    .         Harm     .   (no cloak)
rCorr    .         Rampage  .   (no gloves)
Will     .....                  (no boots)
Stlth    +.........             (no amulet)
HPRegen  0.00/turn              (no ring)
MPRegen  0.07/turn              (no ring)

@: confused, non-regenerating
A: damage resistance, heal wounds, sense surroundings 1, no regeneration
a: Heal Wounds, Renounce Religion


You were on level 5 of the Dungeon.
You worshipped Ru.
Ru was noncommittal.
You visited 2 branches of the dungeon, and saw 2 of its levels.

Inventory:

Hand Weapons
 a - a +0 hand axe (weapon)
Armour
 b - a +0 leather armour
 h - a +0 ring mail (worn)
   (You found it on level 5 of the Dungeon)
Wands
 g - a wand of digging (3) {@v3}
Scrolls
 c - a scroll of fog {!r}
 d - a scroll of magic mapping {@r5 !r}
 e - a scroll of fear {!r}
Potions
 f - a potion of haste {@q4 !q}


   Skills:
 - Level 2.6 Fighting
 + Level 2.4 Axes
 - Level 2.1 Dodging
 - Level 6.0 Stealth


You couldn't memorise any spells.
You didn't know any spells.
Your spell library was empty.

Dungeon Overview and Level Annotations

Branches:
Dungeon (5/15)             Temple (1/1) D:5

Altars:
Cheibriados
Elyvilon
Hepliaklqana
Kikubaaqudgha
Makhleb
Qazlal
Ru
Wu Jian
Yredelemnul
Zin
The Shining One


Innate Abilities, Weirdness & Mutations

You are resistant to damage.
You can heal yourself by infusing magical energy.
You passively map a small area around you.
You do not regenerate.


Message History

The orc wizard closely misses you. The orc hits you but does no damage.
The orc closely misses you. The orc wizard barely misses you.
The orc wizard gestures at you while chanting.
You resist with significant effort.
You're too confused to move!
The orc wizard hits you but does no damage.
You hit the orc but do no damage. You hit the orc.
You kill the orc!
You closely miss the orc wizard. The orc hits you but does no damage.
The orc wizard hits you but does no damage.
You completely miss the orc wizard. You hit the orc but do no damage.
You feel less confused. The orc hits you with a +0 flail!
The orc wizard barely misses you.
You hit the orc wizard.
The orc wizard is moderately wounded.
You hit the orc but do no damage. The orc hits you with a +0 flail!
The orc wizard closely misses you.
You closely miss the orc wizard.
The orc wizard is moderately wounded.
You hit the orc but do no damage. The orc barely misses you.
The orc wizard barely misses you. The orc hits you but does no damage.
You feel much better.
The orc wizard hits you but does no damage.
The orc hits you with a +0 flail.
You closely miss the orc wizard.
The orc wizard is moderately wounded.
You hit the orc but do no damage.
The orc wizard hits you but does no damage.
The orc closely misses you. The orc wizard casts a spell at you.
The puff of flame hits you.
You hit the orc wizard.
The orc wizard is severely wounded.
You hit the orc but do no damage. The orc barely misses you.
The orc wizard barely misses you.
You hit the orc wizard.
The orc wizard is severely wounded.
You hit the orc. The orc barely misses you.
The orc wizard hits you but does no damage.
You closely miss the orc wizard.
The orc wizard is severely wounded.
Your ring mail prevents you from hitting the orc.
The orc hits you with a +0 flail. The orc wizard barely misses you.
You feel much better. The orc barely misses you.
The orc wizard gestures at you while chanting.
The magic dart hits you!
You miss the orc wizard.
The orc wizard is severely wounded.
You barely miss the orc. The orc hits you with a +0 flail!
The orc wizard barely misses you.
You feel much better. The orc hits you but does no damage.
The orc wizard gestures at you while chanting.
You resist with significant effort.
You miss the orc wizard.
The orc wizard is severely wounded.
You hit the orc. The orc closely misses you. The orc wizard barely misses you.
The orc barely misses you.
The orc wizard points at you and mumbles some strange words.
You are confused.
The orc wizard casts a spell at you. The magic dart hits you.
You hit the orc but do no damage.
The orc is almost dead.
The orc hits you but does no damage. The orc wizard casts a spell at you.
You are more confused.
You closely miss the orc.
The orc is almost dead.
The orc hits you with a +0 flail. The orc wizard casts a spell at you.
You are more confused.
The water moccasin closely misses you.
You bump into the rock wall.
The water moccasin bites you. The orc barely misses you.
You miss the orc.
The orc is almost dead.
You closely miss the orc wizard. You hit the water moccasin.
The water moccasin barely misses you. The orc barely misses you.
The orc wizard hits you with a +0 dagger.
The water moccasin bites you. The water moccasin bites you.
* * * LOW HITPOINT WARNING * * *
The water moccasin bites you but does no damage.
An orc comes into view. It is wielding a +1 dagger of freezing.
The orc wizard casts a spell at you. The magic dart hits you.
* * * LOW HITPOINT WARNING * * *
The water moccasin barely misses you.
The orc shouts!
The orc wizard hits you with a +0 dagger.
The orc hits you but does no damage.
The orc wizard points at itself and mumbles some strange words.
The orc wizard flickers and vanishes!
Deactivating autopickup; reactivate with Ctrl-A.
The orc closely misses you. The orc misses you.
The water moccasin bites you but does no damage.
Okay, then.
The water moccasin bites you.
You die...

* ,#....###..##...# #
..,#...).###...#.# ,
..###..........#.## ,
...####[..........## *
....#####.......<..# *
*
,......##.....#.....##
, ....................#
........So....8.8.8.#
.......@.o.....⌠.⌠..#
,,,
..............8.>.8.#
...............⌠.⌠..# ,
..............8.8.8.#
,,....................#
, ............#....####
.#......>#.####### ,
,#.#.##..##.. * , *
#... ...#


You could see a water moccasin and 2 orcs.

Vanquished Creatures
  An orc (D:5)
1 creature vanquished.

Notes
Turn   | Place    | Note
-------+----------+-------------------------------------------
     0 | D:5      | EnegeticOcto the Deep Dwarf Delver began the quest for the
                  | Orb.
     0 | D:5      | Reached XP level 1. HP: 20/20 MP: 1/1
     0 | D:5      | Found a staircase to the Ecumenical Temple.
     9 | Temple   | Entered the Ecumenical Temple
    85 | Temple   | Became a worshipper of Ru the Awakened
   126 | D:5      | Noticed an orc wizard
   126 | D:5      | Noticed a water moccasin
   164 | D:5      | Slain by a water moccasin

Illustrated notes

Levels and vault maps discovered:
D:5:      layout_cave_pools, kennysheep_orc_sif_temple, okawaru_trees_2,
          minmay_temple_entry_statues_fountains
Temple:   minmay_temple_curvy_loop

Action                   || total
-------------------------++-------
Melee: Hand axe          ||    16
 Abil: Heal Wounds       ||     3
Armor: Ring mail         ||    16
Dodge: Dodged            ||    29

Table legend: (Time is in decaauts)
 A = Elapsed time spent in this place.
 B = Non-inter-level travel time spent in this place.
 C = Inter-level travel time spent in this place.
 D = Time resting spent in this place.
 E = Time spent auto-exploring this place.
 F = Levels seen in this place.
 G = Mean time per level.
                   A        B        C        D        E       F      G
               +--------+--------+--------+--------+--------+-----+--------+
         Total |    167 |    160 |      7 |      0 |      0 |   2 |   83.5 |
       Dungeon |     67 |     67 |      0 |      0 |      0 |   1 |   67.0 |
        Temple |     99 |     92 |      7 |      0 |      0 |   1 |   99.0 |
               +--------+--------+--------+--------+--------+-----+--------+

Top non-repeatable levels by time:
  Temple: 99 daAuts
     D:5: 67 daAuts
